[Event "Live Chess"]
[Site "Chess.com"]
[Date "2011.02.01"]
[Round "-"]
[White "hipposcottimus"]
[Black "Liiiife"]
[Result "1-0"]
[CurrentPosition "r4r2/pb1Bp1b1/1p1p1p2/8/2p1k2N/4NQ2/PP3PPP/3R1RK1 b - -"]
[Timezone "UTC"]
[ECO "A40"]
[ECOUrl "https://www.chess.com/openings/Modern-Defense-with-1-d4-2.c4-Bg7-3.e4"]
[UTCDate "2011.02.01"]
[UTCTime "02:23:03"]
[WhiteElo "1647"]
[BlackElo "1432"]
[TimeControl "60"]
[Termination "hipposcottimus won on time"]
[StartTime "02:23:03"]
[EndDate "2011.02.01"]
[EndTime "02:24:44"]
[Link "https://www.chess.com/game/live/93495964"]

1. e4 g6 2. d4 Bg7 3. c4 Nf6 4. e5 O-O 5. exf6 Bxf6 6. Nf3 d6 7. Be2 Nc6 8. d5 Ne5 9. O-O b6 10. Bh6 Bg7 11. Nxe5 Bxh6 12. Ng4 Bg7 13. Ne3 f6 14. Nd2 Bb7 15. Nf3 Qd7 16. Bd3 c6 17. Nh4 cxd5 18. Bxg6 dxc4 19. Bxh7+ Kf7 20. Qh5+ Ke6 21. Bf5+ Ke5 22. Bxd7+ Kd4 23. Rad1+ Ke4 24. Qf3+ 1-0

[Event "Live Chess"]
[Site "Chess.com"]
[Date "2011.02.01"]
[Round "-"]
[White "HockeyMaster"]
[Black "hipposcottimus"]
[Result "0-1"]
[CurrentPosition "1r4k1/6p1/4prq1/pn1p4/3P2Q1/P1p1P2P/8/R1B1R1K1 w - -"]
[Timezone "UTC"]
[ECO "D10"]
[ECOUrl "https://www.chess.com/openings/Slav-Defense-Exchange-Variation-3...cxd5-4.Nc3"]
[UTCDate "2011.02.01"]
[UTCTime "02:20:59"]
[WhiteElo "1454"]
[BlackElo "1647"]
[TimeControl "60"]
[Termination "hipposcottimus won on time"]
[StartTime "02:20:59"]
[EndDate "2011.02.01"]
[EndTime "02:22:45"]
[Link "https://www.chess.com/game/live/93495546"]

1. d4 d5 2. c4 c6 3. cxd5 cxd5 4. Nc3 e6 5. Nf3 Nf6 6. e3 Nbd7 7. Bb5 Bb4 8. a3 Bxc3+ 9. bxc3 O-O 10. Bxd7 Bxd7 11. O-O Bb5 12. Re1 Bc4 13. Qa4 Ne4 14. Nd2 b5 15. Qb4 a5 16. Qb1 Nxc3 17. Qb2 Ne4 18. Nxc4 bxc4 19. f3 Rb8 20. Qe2 Nc3 21. Qd2 Nb5 22. Qe2 Qg5 23. Bd2 Qg6 24. g4 c3 25. Bc1 f5 26. h3 fxg4 27. fxg4 h5 28. Qf3 hxg4 29. Qxg4 Rf6 0-1

[Event "Live Chess"]
[Site "Chess.com"]
[Date "2011.02.01"]
[Round "-"]
[White "Yash007"]
[Black "hipposcottimus"]
[Result "0-1"]
[CurrentPosition "8/pp3k2/6p1/6P1/3n2R1/2r5/5PK1/8 w - -"]
[Timezone "UTC"]
[ECO "A00"]
[ECOUrl "https://www.chess.com/openings/Vant-Kruijs-Opening-1...e5"]
[UTCDate "2011.02.01"]
[UTCTime "02:18:23"]
[WhiteElo "1352"]
[BlackElo "1643"]
[TimeControl "60"]
[Termination "hipposcottimus won on time"]
[StartTime "02:18:23"]
[EndDate "2011.02.01"]
[EndTime "02:20:31"]
[Link "https://www.chess.com/game/live/93494918"]

1. e3 e5 2. d3 d5 3. h3 Nc6 4. a3 f5 5. c3 Nf6 6. g4 d4 7. gxf5 Bxf5 8. cxd4 exd4 9. exd4 Qxd4 10. Qe2+ Be7 11. Nf3 Qxd3 12. Qxd3 Bxd3 13. Bxd3 O-O 14. O-O Nh5 15. h4 Rxf3 16. Bg5 Bxg5 17. Bxh7+ Kxh7 18. hxg5 Rb3 19. Nc3 Rxb2 20. Rae1 Rb3 21. Re3 Rxa3 22. Rfe1 Rg8 23. Nd5 Rxe3 24. Rxe3 Nd4 25. Nxc7 Nf5 26. Re2 Rc8 27. Ne6 Rc1+ 28. Kg2 Nf4+ 29. Nxf4 g6 30. Ne6 Kg8 31. Nf4 Kf7 32. Re3 Rc4 33. Rf3 Re4 34. Kh3 Nd4 35. Rg3 Rxf4 36. Rg4 Rf3+ 37. Kg2 Rc3 0-1

[Event "Live Chess"]
[Site "Chess.com"]
[Date "2011.02.01"]
[Round "-"]
[White "hipposcottimus"]
[Black "Yash007"]
[Result "0-1"]
[CurrentPosition "4r1k1/7p/p1p3p1/5p2/PPR5/5PPN/3p2P1/3B2K1 w - -"]
[Timezone "UTC"]
[ECO "C41"]
[ECOUrl "https://www.chess.com/openings/Philidor-Defense-3.Bc4"]
[UTCDate "2011.02.01"]
[UTCTime "02:15:59"]
[WhiteElo "1640"]
[BlackElo "1355"]
[TimeControl "60"]
[Termination "Yash007 won on time"]
[StartTime "02:15:59"]
[EndDate "2011.02.01"]
[EndTime "02:18:07"]
[Link "https://www.chess.com/game/live/93494331"]

1. e4 e5 2. Nf3 d6 3. Bc4 c5 4. d4 exd4 5. c3 dxc3 6. Nxc3 Bd7 7. O-O Nc6 8. Nd5 Be6 9. Re1 a6 10. a4 Be7 11. Bf4 Bxd5 12. exd5 Nf6 13. dxc6 bxc6 14. Qb3 O-O 15. Ng5 d5 16. Qe3 Ng4 17. Qxe7 Qxe7 18. Rxe7 Rae8 19. Rxe8 Rxe8 20. Bd3 c4 21. Bc2 g6 22. f3 Nf6 23. Bg3 d4 24. Nh3 d3 25. Bd1 d2 26. Ra2 Nh5 27. b4 Nxg3 28. hxg3 Rd8 29. Rc2 f5 30. Rxc4 Re8 0-1

[Event "Live Chess"]
[Site "Chess.com"]
[Date "2011.02.01"]
[Round "-"]
[White "potomonto"]
[Black "hipposcottimus"]
[Result "0-1"]
[CurrentPosition "r5rk/pn4Rp/8/1p6/8/2PP1pP1/PP3Pq1/6K1 w - -"]
[Timezone "UTC"]
[ECO "C23"]
[ECOUrl "https://www.chess.com/openings/Bishops-Opening-2...Nc6"]
[UTCDate "2011.02.01"]
[UTCTime "02:13:23"]
[WhiteElo "1467"]
[BlackElo "1653"]
[TimeControl "60"]
[Termination "hipposcottimus won by checkmate"]
[StartTime "02:13:23"]
[EndDate "2011.02.01"]
[EndTime "02:15:29"]
[Link "https://www.chess.com/game/live/93493745"]

1. e4 e5 2. Bc4 Nc6 3. Bxf7+ Kxf7 4. d3 Nf6 5. c3 Be7 6. Nf3 Rf8 7. O-O Kg8 8. Nbd2 d5 9. Ng5 dxe4 10. Qb3+ Nd5 11. Ndxe4 Na5 12. Qb5 c6 13. Qa4 b5 14. Qd1 Nf4 15. Bxf4 exf4 16. Qf3 Bxg5 17. Nxg5 Qxg5 18. h3 Nb7 19. Qxc6 f3 20. g3 Bxh3 21. Kh2 Bxf1 22. Rxf1 Qh5+ 23. Kg1 Qg6 24. Qd5+ Kh8 25. Re1 Qh5 26. Qg8+ Rxg8 27. Re7 Qh3 28. Rxg7 Qg2# 0-1

[Event "Live Chess"]
[Site "Chess.com"]
[Date "2011.02.01"]
[Round "-"]
[White "harshal"]
[Black "hipposcottimus"]
[Result "0-1"]
[CurrentPosition "8/pppRQ1pk/8/8/5q1p/1P5P/P1P3PK/8 w - -"]
[Timezone "UTC"]
[ECO "C20"]
[ECOUrl "https://www.chess.com/openings/Kings-Pawn-Opening-Leonardis-Variation-2...Nf6-3.f4"]
[UTCDate "2011.02.01"]
[UTCTime "02:10:17"]
[WhiteElo "1646"]
[BlackElo "1649"]
[TimeControl "60"]
[Termination "hipposcottimus won on time"]
[StartTime "02:10:17"]
[EndDate "2011.02.01"]
[EndTime "02:12:31"]
[Link "https://www.chess.com/game/live/93493077"]

1. e4 e5 2. d3 Nf6 3. f4 d5 4. fxe5 Nfd7 5. exd5 Nxe5 6. Nf3 Ng6 7. Nc3 Bb4 8. Bg5 Qxd5 9. Bd2 Bxc3 10. Bxc3 O-O 11. Be2 Re8 12. O-O Qc5+ 13. Kh1 Qf5 14. d4 Qd7 15. Ne5 Nxe5 16. dxe5 Qe6 17. b3 Nc6 18. Bb2 Nxe5 19. Bc4 Qd6 20. Bxe5 Qxe5 21. Bxf7+ Kh8 22. Bxe8 Qxe8 23. Qe1 Qd8 24. Rd1 Bd7 25. Rd2 Qg5 26. Rxd7 Rg8 27. Qe7 h5 28. h3 h4 29. Rf8 Qc1+ 30. Kh2 Qh6 31. Rxg8+ Kxg8 32. Qe8+ Kh7 33. Qe7 Qf4+ 34. Kh1 Qf1+ 35. Kh2 Qf4+ 0-1

[Event "Live Chess"]
[Site "Chess.com"]
[Date "2011.02.01"]
[Round "-"]
[White "hipposcottimus"]
[Black "harshal"]
[Result "0-1"]
[CurrentPosition "1k3r1r/pp6/3q3p/P1bp4/1Pp3p1/6P1/2PQ3P/R3RK2 w - -"]
[Timezone "UTC"]
[ECO "C41"]
[ECOUrl "https://www.chess.com/openings/Philidor-Defense-Philidor-Countergambit-4.dxe5-fxe4"]
[UTCDate "2011.02.01"]
[UTCTime "02:08:08"]
[WhiteElo "1641"]
[BlackElo "1654"]
[TimeControl "60"]
[Termination "harshal won on time"]
[StartTime "02:08:08"]
[EndDate "2011.02.01"]
[EndTime "02:10:11"]
[Link "https://www.chess.com/game/live/93492510"]

1. e4 e5 2. Nf3 d6 3. d4 f5 4. dxe5 fxe4 5. Nfd2 d5 6. f4 exf3 7. Nxf3 Qe7 8. Bf4 Nd7 9. Bb5 c6 10. Ba4 Ngf6 11. Bb3 Nh5 12. Qd2 Nxf4 13. Qxf4 g5 14. Qg3 h6 15. O-O Bg7 16. Re1 Nb6 17. Nc3 Be6 18. Rad1 O-O-O 19. a4 Nc4 20. Bxc4 dxc4 21. Ra1 Kb8 22. Qf2 g4 23. Nd4 Bd5 24. Qd2 Bxe5 25. Nxd5 cxd5 26. a5 Qd6 27. g3 Bxd4+ 28. Kf1 Bc5 29. b4 Rdf8+ 0-1

[Event "Live Chess"]
[Site "Chess.com"]
[Date "2011.02.01"]
[Round "-"]
[White "harshal"]
[Black "hipposcottimus"]
[Result "0-1"]
[CurrentPosition "3k4/p5pp/2p4b/1p6/1P4KP/2P5/5r2/8 w - -"]
[Timezone "UTC"]
[ECO "C20"]
[ECOUrl "https://www.chess.com/openings/Kings-Pawn-Opening-Leonardis-Variation-2...d5"]
[UTCDate "2011.02.01"]
[UTCTime "02:05:41"]
[WhiteElo "1646"]
[BlackElo "1649"]
[TimeControl "60"]
[Termination "hipposcottimus won on time"]
[StartTime "02:05:41"]
[EndDate "2011.02.01"]
[EndTime "02:07:40"]
[Link "https://www.chess.com/game/live/93491961"]

1. e4 e5 2. d3 d5 3. f4 dxe4 4. fxe5 f6 5. exf6 Nxf6 6. dxe4 Qxd1+ 7. Kxd1 Nxe4 8. Ke1 Nc6 9. Bd3 Bf5 10. Bxe4 Bxe4 11. Nf3 Bxf3 12. gxf3 Nd4 13. Kd1 Nxf3 14. Rf1 Ng5 15. Re1+ Be7 16. Bxg5 O-O-O+ 17. Nd2 Bxg5 18. Re2 Rhe8 19. Rxe8 Rxe8 20. Nc4 Rd8+ 21. Ke2 b5 22. Ne5 Re8 23. Kf3 Rxe5 24. Rd1 Bh6 25. Rd3 Rc5 26. c3 c6 27. b4 Rf5+ 28. Ke4 Rf6 29. h4 Kc7 30. Rf3 Re6+ 31. Kf5 Rf6+ 32. Kg4 Rg6+ 33. Kh3 Rd6 34. Rf7+ Kb8 35. Rf3 Rd2 36. Kg4 Rxa2 37. Rf8+ Kc7 38. Rf7+ Kd8 39. Rf2 Rxf2 0-1

[Event "Live Chess"]
[Site "Chess.com"]
[Date "2011.02.01"]
[Round "-"]
[White "hipposcottimus"]
[Black "harshal"]
[Result "0-1"]
[CurrentPosition "r2q1r1k/p1p3pp/b4n2/2R5/8/1NNn1P2/PP4PP/3RQ2K w - -"]
[Timezone "UTC"]
[ECO "C41"]
[ECOUrl "https://www.chess.com/openings/Philidor-Defense-Lopez-Countergambit-4.d4"]
[UTCDate "2011.02.01"]
[UTCTime "02:03:23"]
[WhiteElo "1641"]
[BlackElo "1654"]
[TimeControl "60"]
[Termination "harshal won on time"]
[StartTime "02:03:23"]
[EndDate "2011.02.01"]
[EndTime "02:05:23"]
[Link "https://www.chess.com/game/live/93491410"]

1. e4 e5 2. Nf3 d6 3. Bc4 f5 4. d4 Nf6 5. Bg5 fxe4 6. Nfd2 d5 7. Bb3 exd4 8. O-O Be7 9. Re1 O-O 10. f3 e3 11. Bxe3 dxe3 12. Rxe3 Kh8 13. Qe2 Bc5 14. Kh1 b6 15. Rc3 Ba6 16. Qe1 Bb4 17. Re3 Bc5 18. Rc3 Bb4 19. Re3 Bc5 20. Rc3 Nc6 21. Ba4 b5 22. Bxb5 Bxb5 23. Rxc5 Ne5 24. Nb3 d4 25. c3 dxc3 26. Nxc3 Ba6 27. Rd1 Nd3 0-1

[Event "Live Chess"]
[Site "Chess.com"]
[Date "2011.02.01"]
[Round "-"]
[White "harshal"]
[Black "hipposcottimus"]
[Result "0-1"]
[CurrentPosition "kr6/p1p1RR1p/3q4/8/8/1P1P2P1/PKPQ3P/8 w - -"]
[Timezone "UTC"]
[ECO "C20"]
[ECOUrl "https://www.chess.com/openings/Kings-Pawn-Opening-Leonardis-Variation"]
[UTCDate "2011.02.01"]
[UTCTime "02:00:58"]
[WhiteElo "1646"]
[BlackElo "1649"]
[TimeControl "60"]
[Termination "hipposcottimus won on time"]
[StartTime "02:00:58"]
[EndDate "2011.02.01"]
[EndTime "02:02:58"]
[Link "https://www.chess.com/game/live/93490842"]

1. e4 e5 2. d3 Nc6 3. f4 d5 4. exd5 Qxd5 5. Nc3 Bb4 6. Bd2 Bxc3 7. Bxc3 exf4 8. Qd2 Be6 9. Qxf4 O-O-O 10. O-O-O Nf6 11. b3 Bg4 12. Be2 Be6 13. Bf3 Qb5 14. Re1 Bd5 15. Bxd5 Qc5 16. Bxc6 Qxc6 17. Qd2 Nd5 18. Kb2 b5 19. Bxg7 Rhg8 20. Bc3 Nb6 21. Nf3 Nd5 22. g3 b4 23. Bd4 Nc3 24. Bxc3 Qxf3 25. Bxb4 Qc6 26. Be7 Kb7 27. Bxd8 Rxd8 28. Re7 Ka8 29. Rhe1 Rb8 30. Rxf7 Qb6 31. Ree7 Qd6 0-1

[Event "Live Chess"]
[Site "Chess.com"]
[Date "2011.02.01"]
[Round "-"]
[White "hipposcottimus"]
[Black "harshal"]
[Result "0-1"]
[CurrentPosition "5r2/pp2k1pp/3p4/4b3/8/2N5/PPP2PPP/4R1K1 w - -"]
[Timezone "UTC"]
[ECO "C41"]
[ECOUrl "https://www.chess.com/openings/Philidor-Defense-Lopez-Countergambit-4.d4"]
[UTCDate "2011.02.01"]
[UTCTime "01:58:40"]
[WhiteElo "1641"]
[BlackElo "1654"]
[TimeControl "60"]
[Termination "harshal won on time"]
[StartTime "01:58:40"]
[EndDate "2011.02.01"]
[EndTime "02:00:41"]
[Link "https://www.chess.com/game/live/93490350"]

1. e4 e5 2. Nf3 d6 3. Bc4 f5 4. d4 Qe7 5. dxe5 fxe4 6. exd6 Qxd6 7. Qe2 Bf5 8. Nfd2 Kd8 9. Nxe4 Bxe4 10. Qxe4 Nf6 11. Bg5 Be7 12. Bxf6 Bxf6 13. O-O Nc6 14. Nc3 Re8 15. Qf3 Ne5 16. Qg3 Nxc4 17. Rad1 Be5 18. Rxd6+ cxd6 19. Qd3 Kd7 20. Qxc4 Rac8 21. Qf7+ Re7 22. Qxe7+ Kxe7 23. Re1 Rf8 0-1

[Event "Live Chess"]
[Site "Chess.com"]
[Date "2011.02.01"]
[Round "-"]
[White "Swannsman22"]
[Black "hipposcottimus"]
[Result "0-1"]
[CurrentPosition "2r2k1r/p4ppp/3b4/3P4/3p4/N2P1qPb/PP3P1P/R3R1K1 w - -"]
[Timezone "UTC"]
[ECO "C44"]
[ECOUrl "https://www.chess.com/openings/Kings-Pawn-Opening-Kings-Knight-Variation-2...Nc6-3.d3-Nf6"]
[UTCDate "2011.02.01"]
[UTCTime "01:16:15"]
[WhiteElo "1360"]
[BlackElo "1427"]
[TimeControl "600"]
[Termination "hipposcottimus won by resignation"]
[StartTime "01:16:15"]
[EndDate "2011.02.01"]
[EndTime "01:22:07"]
[Link "https://www.chess.com/game/live/93480287"]

1. e4 e5 2. Nf3 Nc6 3. d3 Nf6 4. Bg5 d5 5. Bxf6 Qxf6 6. exd5 Nd4 7. Be2 c6 8. c4 cxd5 9. cxd5 Bd6 10. Nxd4 exd4 11. Qa4+ Bd7 12. Qb3 Rc8 13. O-O Qe5 14. g3 Qxe2 15. Na3 Qf3 16. Qxb7 Bh3 17. Qb5+ Kf8 18. Qe8+ Kxe8 19. Rfe1+ Kf8 0-1

[Event "Live Chess"]
[Site "Chess.com"]
[Date "2011.02.01"]
[Round "-"]
[White "erfmavs"]
[Black "hipposcottimus"]
[Result "0-1"]
[CurrentPosition "r5k1/p2b1ppp/5n2/8/Kb6/1NqP4/P5PP/R2Q3R w - -"]
[Timezone "UTC"]
[ECO "C58"]
[ECOUrl "https://www.chess.com/openings/Italian-Game-Knight-Attack-Polerio-Bishop-Check-Line-6...c6-7.dxc6-bxc6-8.Be2"]
[UTCDate "2011.02.01"]
[UTCTime "00:40:28"]
[WhiteElo "1343"]
[BlackElo "1420"]
[TimeControl "600"]
[Termination "hipposcottimus won by checkmate"]
[StartTime "00:40:28"]
[EndDate "2011.02.01"]
[EndTime "00:51:46"]
[Link "https://www.chess.com/game/live/93471775"]

1. e4 e5 2. Nf3 Nc6 3. Bc4 Nf6 4. Ng5 d5 5. exd5 Na5 6. Bb5+ c6 7. dxc6 bxc6 8. Be2 Be7 9. Nf3 e4 10. Ne5 Bd6 11. d4 exd3 12. Nxd3 O-O 13. Bf3 Re8+ 14. Be3 Nc4 15. Bxc6 Nxe3 16. fxe3 Rxe3+ 17. Kd2 Bf4 18. Kc3 Qc7 19. Nd2 Qxc6+ 20. Kb3 Be6+ 21. Ka3 Bd6+ 22. b4 Qc3+ 23. Nb3 Rxd3 24. cxd3 Bxb4+ 25. Ka4 Bd7# 0-1

[Event "Live Chess"]
[Site "Chess.com"]
[Date "2011.02.01"]
[Round "-"]
[White "MadSnowman"]
[Black "hipposcottimus"]
[Result "0-1"]
[CurrentPosition "2kr1bnr/ppp3pp/8/4P3/5Qbq/2PP2N1/PPn3PP/R3KBNR w KQ -"]
[Timezone "UTC"]
[ECO "C31"]
[ECOUrl "https://www.chess.com/openings/Kings-Gambit-Declined-Falkbeer-Milner-Barry-Variation"]
[UTCDate "2011.02.01"]
[UTCTime "00:32:38"]
[WhiteElo "1499"]
[BlackElo "1413"]
[TimeControl "120+12"]
[Termination "hipposcottimus won by resignation"]
[StartTime "00:32:38"]
[EndDate "2011.02.01"]
[EndTime "00:38:47"]
[Link "https://www.chess.com/game/live/93469920"]

1. e4 e5 2. f4 d5 3. Nc3 d4 4. Nce2 f5 5. fxe5 fxe4 6. Ng3 Qh4 7. d3 e3 8. Qf3 Nc6 9. Bxe3 Bg4 10. Qf4 O-O-O 11. Bxd4 Nxd4 12. c3 Nc2+ 0-1

[Event "Live Chess"]
[Site "Chess.com"]
[Date "2011.01.31"]
[Round "-"]
[White "hipposcottimus"]
[Black "Crossland"]
[Result "0-1"]
[CurrentPosition "5k1r/4b1pp/QpB5/8/8/4p3/PPPq2PP/R2K3R w - -"]
[Timezone "UTC"]
[ECO "C57"]
[ECOUrl "https://www.chess.com/openings/Italian-Game-Fried-Liver-Attack-6...Kxf7-7.Qf3"]
[UTCDate "2011.01.31"]
[UTCTime "23:09:17"]
[WhiteElo "1402"]
[BlackElo "1152"]
[TimeControl "600"]
[Termination "Crossland won by checkmate"]
[StartTime "23:09:17"]
[EndDate "2011.01.31"]
[EndTime "23:17:43"]
[Link "https://www.chess.com/game/live/93448880"]

1. e4 e5 2. Nf3 Nc6 3. Bc4 Nf6 4. Ng5 d5 5. exd5 Nxd5 6. Nxf7 Kxf7 7. Qf3+ Ke8 8. Bxd5 Ne7 9. Qf7+ Kd7 10. Be6+ Kc6 11. Bb3 b6 12. Nc3 Rb8 13. Nd5 Ba6 14. Nxe7+ Bxe7 15. Bd5+ Kd7 16. Qe6+ Ke8 17. Bc6+ Kf8 18. Bd5 Qe8 19. Bc6 Qf7 20. Qd7 Rd8 21. Qxc7 e4 22. Qxa7 e3 23. Qxa6 Qxf2+ 24. Kd1 Rxd2+ 25. Bxd2 Qxd2# 0-1

[Event "Live Chess"]
[Site "Chess.com"]
[Date "2011.01.31"]
[Round "-"]
[White "Crossland"]
[Black "hipposcottimus"]
[Result "0-1"]
[CurrentPosition "r2q1rk1/p1p4p/3b2p1/2pp4/5N2/2Pp3P/PP3P2/RNB2K2 b - -"]
[Timezone "UTC"]
[ECO "C23"]
[ECOUrl "https://www.chess.com/openings/Bishops-Opening-2...Nc6"]
[UTCDate "2011.01.31"]
[UTCTime "23:04:09"]
[WhiteElo "1152"]
[BlackElo "1402"]
[TimeControl "600"]
[Termination "hipposcottimus won by resignation"]
[StartTime "23:04:09"]
[EndDate "2011.01.31"]
[EndTime "23:08:39"]
[Link "https://www.chess.com/game/live/93447502"]

1. e4 e5 2. Bc4 Nc6 3. c3 f5 4. Qh5+ g6 5. Qf3 Nf6 6. exf5 e4 7. Qf4 d5 8. Bb5 Bxf5 9. Bxc6+ bxc6 10. Qe5+ Be7 11. Ne2 O-O 12. O-O Bd6 13. Qd4 c5 14. Qe3 Ng4 15. Qh3 Nxh2 16. d3 Bxh3 17. gxh3 Nxf1 18. Kxf1 exd3 19. Nf4 0-1

[Event "Live Chess"]
[Site "Chess.com"]
[Date "2011.01.31"]
[Round "-"]
[White "asv2000"]
[Black "hipposcottimus"]
[Result "1/2-1/2"]
[CurrentPosition "5R2/k7/P6K/1PP5/8/8/8/8 b - -"]
[Timezone "UTC"]
[ECO "C48"]
[ECOUrl "https://www.chess.com/openings/Four-Knights-Game-Spanish-Variation"]
[UTCDate "2011.01.31"]
[UTCTime "22:48:45"]
[WhiteElo "1300"]
[BlackElo "1402"]
[TimeControl "300+5"]
[Termination "Game drawn by stalemate"]
[StartTime "22:48:45"]
[EndDate "2011.01.31"]
[EndTime "23:03:12"]
[Link "https://www.chess.com/game/live/93443359"]

1. e4 e5 2. Nf3 Nc6 3. Bb5 Nf6 4. Nc3 d6 5. Bxc6+ bxc6 6. d4 Bg4 7. dxe5 Bxf3 8. Qxf3 dxe5 9. Bg5 Be7 10. Rd1 Nd7 11. Be3 O-O 12. Kf1 Qc8 13. g3 Nb6 14. Kg2 Nc4 15. Bc1 Nd6 16. b3 f5 17. exf5 Rxf5 18. Qxc6 Bg5 19. Bxg5 Rxg5 20. Nd5 Qd8 21. Nxc7 Rc8 22. Rxd6 Qxc7 23. Qxc7 Rxc7 24. c4 Kf7 25. Rhd1 Ke7 26. h4 Rf5 27. R1d5 h5 28. f3 g5 29. hxg5 Rxg5 30. Rh6 Kf7 31. Rh7+ Rg7 32. Rxg7+ Kxg7 33. Rxe5 Kg6 34. Kh3 Rc6 35. Kh4 Ra6 36. a4 Rb6 37. Rb5 Rf6 38. f4 Re6 39. Rg5+ Kf6 40. Rxh5 Re3 41. Rb5 Re2 42. Kg4 Re3 43. Ra5 Ke7 44. Rxa7+ Kd6 45. Ra5 Kc6 46. Rb5 Kd6 47. a5 Kc6 48. Kh4 Kd7 49. g4 Re4 50. f5 Re7 51. Kg5 Re6 52. f6 Kd6 53. Kg6 Kd7 54. g5 Ke8 55. Rb8+ Kd7 56. Kg7 Re5 57. f7 Rxg5+ 58. Kh6 Rf5 59. f8=Q Rxf8 60. Rxf8 Kc6 61. b4 Kc7 62. a6 Kb6 63. b5 Ka7 64. c5 1/2-1/2

[Event "Live Chess"]
[Site "Chess.com"]
[Date "2011.01.31"]
[Round "-"]
[White "hipposcottimus"]
[Black "desalniettemin"]
[Result "0-1"]
[CurrentPosition "r4r2/p7/b3k2p/5np1/8/3R4/PP3PPP/5K2 w - -"]
[Timezone "UTC"]
[ECO "B00"]
[ECOUrl "https://www.chess.com/openings/Owens-Defense-2.d4-Bb7"]
[UTCDate "2011.01.31"]
[UTCTime "22:32:39"]
[WhiteElo "1649"]
[BlackElo "1434"]
[TimeControl "60"]
[Termination "desalniettemin won on time"]
[StartTime "22:32:39"]
[EndDate "2011.01.31"]
[EndTime "22:34:53"]
[Link "https://www.chess.com/game/live/93439055"]

1. e4 b6 2. d4 Bb7 3. d5 e6 4. c4 Bc5 5. Nf3 g5 6. Nc3 g4 7. Bg5 f6 8. Na4 fxg5 9. Nxc5 bxc5 10. Nd2 exd5 11. cxd5 d6 12. Qxg4 Bc8 13. Qh5+ Kd7 14. Bb5+ c6 15. dxc6+ Nxc6 16. Nc4 Ne7 17. Rd1 Qa5+ 18. Rd2 Qxb5 19. Rxd6+ Kc7 20. Rxc6+ Kxc6 21. Qh6+ Kb7 22. Qd6 Qxc4 23. Qd5+ Qxd5 24. exd5 Nxd5 25. O-O Rf8 26. Rc1 Nf4 27. Rxc5 Ne2+ 28. Kf1 Nd4 29. Rc4 Nf5 30. Rb4+ Kc7 31. Rg4 h6 32. Rc4+ Kd7 33. Rd4+ Ke6 34. Rd3 Ba6 0-1

[Event "Live Chess"]
[Site "Chess.com"]
[Date "2011.01.31"]
[Round "-"]
[White "hipposcottimus"]
[Black "wibbler"]
[Result "1-0"]
[CurrentPosition "1k1r3r/pp2bpp1/7p/1P1N4/3P4/3B1P2/P6P/2R3K1 b - -"]
[Timezone "UTC"]
[ECO "C58"]
[ECOUrl "https://www.chess.com/openings/Italian-Game-Knight-Attack-Polerio-Bishop-Check-Line-6...Bd7"]
[UTCDate "2011.01.31"]
[UTCTime "22:30:08"]
[WhiteElo "1649"]
[BlackElo "1440"]
[TimeControl "60"]
[Termination "hipposcottimus won on time"]
[StartTime "22:30:08"]
[EndDate "2011.01.31"]
[EndTime "22:32:07"]
[Link "https://www.chess.com/game/live/93438385"]

1. e4 e5 2. Nf3 Nc6 3. Bc4 Nf6 4. Ng5 d5 5. exd5 Na5 6. Bb5+ Bd7 7. Be2 Nxd5 8. c4 Qxg5 9. cxd5 Qe7 10. O-O O-O-O 11. f4 exf4 12. Rxf4 Qc5+ 13. d4 Qxd5 14. Nc3 Qc6 15. b4 Nc4 16. Rb1 h6 17. b5 Qd6 18. Bxc4 Be7 19. Rf3 Bg4 20. Bf4 Qg6 21. Bd3 Qf6 22. Bxc7 Bxf3 23. Qxf3 Qxf3 24. gxf3 Kxc7 25. Rc1 Kb8 26. Nd5 1-0

[Event "Live Chess"]
[Site "Chess.com"]
[Date "2011.01.31"]
[Round "-"]
[White "hipposcottimus"]
[Black "fabes"]
[Result "1-0"]
[CurrentPosition "4r1k1/6r1/p4qp1/2b5/3p1Q2/4p3/PP4PP/6RK b - -"]
[Timezone "UTC"]
[ECO "B20"]
[ECOUrl "https://www.chess.com/openings/Sicilian-Defense"]
[UTCDate "2011.01.31"]
[UTCTime "22:27:09"]
[WhiteElo "1645"]
[BlackElo "1597"]
[TimeControl "60"]
[Termination "hipposcottimus won on time"]
[StartTime "22:27:09"]
[EndDate "2011.01.31"]
[EndTime "22:29:20"]
[Link "https://www.chess.com/game/live/93437582"]

1. e4 c5 2. Bb5 a6 3. Be2 d6 4. Nf3 Nf6 5. c4 Nxe4 6. d3 Nf6 7. O-O e6 8. Bd2 Be7 9. Bc3 O-O 10. d4 cxd4 11. Bxd4 Nc6 12. Nc3 Nxd4 13. Qxd4 Bd7 14. Qe3 Bc6 15. Nd4 e5 16. Nxc6 bxc6 17. Qg3 Qd7 18. Bd3 g6 19. f4 Rfe8 20. Ne4 Nxe4 21. Bxe4 d5 22. cxd5 cxd5 23. Bf3 e4 24. Bg4 Qb5 25. f5 Bc5+ 26. Kh1 Qb6 27. fxg6 fxg6 28. Bh5 d4 29. Qf4 Ra7 30. Bxg6 hxg6 31. Qh6 Rg7 32. Rf6 Qxf6 33. Rg1 e3 34. Qf4 1-0

[Event "Live Chess"]
[Site "Chess.com"]
[Date "2011.01.31"]
[Round "-"]
[White "topsdown"]
[Black "hipposcottimus"]
[Result "1-0"]
[CurrentPosition "r1b2rk1/ppp3pp/8/4pp2/2P5/3P1P1q/PP1BQP1P/1K1R3R b - -"]
[Timezone "UTC"]
[ECO "C23"]
[ECOUrl "https://www.chess.com/openings/Bishops-Opening-2...Nc6-3.d3-Nf6"]
[UTCDate "2011.01.31"]
[UTCTime "22:22:59"]
[WhiteElo "1639"]
[BlackElo "1645"]
[TimeControl "60"]
[Termination "topsdown won on time"]
[StartTime "22:22:59"]
[EndDate "2011.01.31"]
[EndTime "22:23:46"]
[Link "https://www.chess.com/game/live/93436280"]

1. e4 e5 2. Bc4 Nc6 3. d3 Nf6 4. Nf3 d5 5. exd5 Nxd5 6. Bxd5 Qxd5 7. Nc3 Bb4 8. Bd2 Bxc3 9. Bxc3 O-O 10. Bd2 Nd4 11. c4 Nxf3+ 12. gxf3 Qe6 13. Qe2 Qh3 14. O-O-O f5 15. Kb1 1-0